 Dungeon Crawl Stone Soup version 0.30-b1-2-g02819fbbbe (webtiles) character file.

Game seed: 18062844895308855413

58 dorian the Digger (level 4, -3/30 HPs)
             Began as a Formicid Earth Elementalist on May 11, 2023.
             Slain by a gnoll
             ... wielding a +0 club
              (7 damage)
             ... on level 2 of the Dungeon.
             The game lasted 00:02:01 (942 turns).

dorian the Digger (Formicid Earth Elementalist)      Turns: 942, Time: 00:02:01

Health: -3/30      AC:  3    Str: 12    XL:     4   Next: 21%
Magic:  0/8        EV: 11    Int: 17    God:
Gold:   40         SH:  4    Dex: 14    Spells: 7/8 levels left

rFire   . . .        (no weapon)
rCold   . . .        d - +0 buckler
rNeg    . . .        a - +0 robe
rPois   .            (helmet unavailable)
rElec   .            (no cloak)
rCorr   .            (no gloves)
SInv    +            j - +0 pair of boots
Will    .....        (no amulet)
Stlth   ++           (no ring)
HPRegen 0.25/turn    (no ring)
MPRegen 0.11/turn

%: no passive effects
@: studying Hexes
A: permanent stasis, dig shafts and tunnels, antennae 3, four strong arms
a: Dig, Shaft Self


You were on level 2 of the Dungeon.
You visited 1 branch of the dungeon, and saw 2 of its levels.

You collected 40 gold pieces.

Inventory:

Armour
 a - a +0 robe (worn)
 d - a +0 buckler (worn)
 j - a +0 pair of boots (worn)
Scrolls
 c - a scroll of vulnerability {unknown}
 f - a scroll of blinking {unknown}
 i - a scroll of amnesia {unknown}
Potions
 b - a potion of magic
 e - a potion of berserk rage {unknown}
 g - a potion of mutation {unknown}
 h - a potion of haste {unknown}


   Skills:
 - Level 1.7 Dodging
 - Level 2.4 Stealth
 + Level 0.9 Shields
 + Level 2.7 Spellcasting
 + Level 2.1 Transmutations
 * Level 4.7 Earth Magic


You had 7 spell levels left.
You knew the following spells:

 Your Spells              Type           Power      Damage    Failure   Level
a - Sandblast             Erth           36%        2d10      3%          1

Your spell library contained the following spells:

 Spells                   Type           Power      Damage    Failure   Level
 Passwall                 Tmut/Erth      11%        N/A       10%         2
 Stone Arrow              Conj/Erth      20%        3d8       28%         3
 Petrify                  Tmut/Erth      14%        N/A       52%         4


Dungeon Overview and Level Annotations

Branches:
Dungeon (2/15)

Altars:

Shops:
D:2 [


Innate Abilities, Weirdness & Mutations

You cannot be hasted, slowed, berserked, paralysed or teleported.
You can dig through walls and to a lower floor.
You have a pair of large antennae on your head. (SInv)
Your four strong arms can wield two-handed weapons with a shield.


Message History

Aim: a gnoll, wielding a +0 flail (moderately wounded, 84% to hit)
The blast of sand hits the gnoll!
You kill the gnoll!
The gnoll closely misses you.
Casting: Sandblast (safe; 3% risk of failure)
Confirm with . or Enter, or press ? or * to list all spells.
Aiming: Sandblast (safe; 3% risk of failure)
Press: ? - help, Shift-Dir - straight line, f - gnoll
Aim: a gnoll, wielding a +0 club (84% to hit)
The blast of sand hits the gnoll!
The gnoll is severely wounded.
The gnoll hits you with a +0 club.
Casting: Sandblast (safe; 3% risk of failure)
Confirm with . or Enter, or press ? or * to list all spells.
Aiming: Sandblast (safe; 3% risk of failure)
Press: ? - help, Shift-Dir - straight line, f/p - gnoll
Aim: a gnoll, wielding a +0 club (severely wounded, 84% to hit)
The blast of sand hits the gnoll.
The gnoll is almost dead.
The gnoll hits you with a +0 club. x2
Casting: Sandblast (safe; 3% risk of failure)
Confirm with . or Enter, or press ? or * to list all spells.
Aiming: Sandblast (safe; 3% risk of failure)
Press: ? - help, Shift-Dir - straight line, f/p - gnoll
Aim: a gnoll, wielding a +0 club (almost dead, 84% to hit)
The blast of sand hits the gnoll.
The gnoll is almost dead.
The gnoll hits you with a +0 club.
* * * LOW HITPOINT WARNING * * *
You hit the gnoll but do no damage.
The gnoll is almost dead.
The gnoll hits you with a +0 club.
* * * LOW HITPOINT WARNING * * *
You hit the gnoll but do no damage.
The gnoll is almost dead.
You block the gnoll's attack.
You hit the gnoll but do no damage.
The gnoll is almost dead.
The gnoll hits you with a +0 club!
You die...

##########.[...............#
#.#....#..........#
#.#...#....###'#### ########
#.#...#.##.....# .......#
#.......##.###.# #####.##
#..#<...##.# #.# #
#.####..#..####+###.#
#####.##....#..)........#
............#..g@........
.###..)#.#..###.....[....
..##..............#......
............#...รท.#####...
#....##.#......#....# .
##.............#......#
#####.#....#.#####.#.#
#.##...#.{.# .......
#....#.###.#####....#


You could see a gnoll.

Vanquished Creatures
  2 gnolls (D:2)
  An adder (D:2)
  6 endoplasms
  A giant cockroach (D:2)
  3 hobgoblins (D:2)
  6 jackals
  A kobold (D:2)
  A quokka (D:2)
  A ball python (D:1)
  2 bats
  A rat (D:1)
25 creatures vanquished.

Notes
Turn   | Place    | Note
-------+----------+-------------------------------------------
     0 | D:1      | dorian the Formicid Earth Elementalist began the quest for
                  | the Orb.
     0 | D:1      | Reached XP level 1. HP: 13/13 MP: 3/3
    36 | D:1      | Found a faded altar of an unknown god.
   275 | D:1      | Reached XP level 2. HP: 18/19 MP: 0/5
   282 | D:1      | Reached skill level 4 in Earth Magic
   683 | D:2      | Reached XP level 3. HP: 24/24 MP: 1/6
   881 | D:2      | Found Fiabux's Armour Boutique.
   935 | D:2      | Reached XP level 4. HP: 30/30 MP: 4/8
   942 | D:2      | Slain by a gnoll

Illustrated notes

Levels and vault maps discovered:
D:1:      dpeg_arrival_rooms_c, layout_basic, shapermc_ecumenical_altar_ellora,
          st_stairs_4, minmay_misc_feat_four_crosses
D:2:      layout_basic, serial_shops, shop

Skill      XL: |  1  2  3 |
---------------+----------+-----
Earth Magic    | 4 |  4.7
Transmutations | 2 |  2.1
Dodging        | |  1.7
Stealth        | |  2.4
Shields        | |  0.9
Spellcasting   | |  2.7

Action                     |  1- 3 |  4- 6 || total
---------------------------+-------+-------++-------
  Melee: Unarmed           |    16 |     3 ||    19
   Cast: Sandblast         |    34 |     5 ||    39
 Armour: Robe              |     6 |       ||     6
  Dodge: Dodged            |    18 |     1 ||    19
  Block: Buckler           |       |     1 ||     1
